 Dungeon Crawl Stone Soup version 0.30-a0-465-g8901f6c8b5 (webtiles) character file.

Game seed: 2436921356434359488

97 sleeves the Firebug (level 4, -9/30 HPs)
             Began as a Demonspawn Fire Elementalist on Dec 17, 2022.
             Killed from afar by Natasha (10 damage)
             ... with a bolt of light
             ... on level 2 of the Dungeon.
             The game lasted 00:02:01 (1913 turns).

sleeves the Firebug (Demonspawn Fire Elementalist)  Turns: 1913, Time: 00:02:02

Health: -9/30      AC:  2    Str:  8    XL:     4   Next: 42%
Magic:  13/16      EV: 12    Int: 19    God:
Gold:   46         SH:  0    Dex: 13    Spells: 6/7 levels left

rFire   . . .      SeeInvis .    n - +1 dagger (venom)
rCold   . . .      Faith    .    (no shield)
rNeg    . . .      Spirit   .    a - +0 robe
rPois   .          Reflect  .    (helmet restricted)
rElec   .          Harm     .    (no cloak)
rCorr   .          Rampage  .    (no gloves)
Will    .....                    (no boots)
Stlth   ++........               (no amulet)
HPRegen 0.25/turn                c - ring of magical power
MPRegen 0.15/turn                (no ring)

@: no status effects
A: horns 1, sturdy frame 1
a: no special abilities


You were on level 2 of the Dungeon.
You visited 1 branch of the dungeon, and saw 2 of its levels.

You collected 46 gold pieces.

Inventory:

Hand Weapons
 n - a +1 dagger of venom (weapon)
   (You took it off a goblin on level 2 of the Dungeon)
Armour
 a - a +0 robe (worn)
Jewellery
 c - a ring of magical power (left hand)
   (You found it on level 1 of the Dungeon)
Wands
 m - a wand of polymorph (7)
   (You found it on level 2 of the Dungeon)
Scrolls
 e - a scroll of teleportation {unknown}
 j - 2 scrolls of magic mapping {unknown}
 l - a scroll of identify {unknown}
Potions
 b - a potion of magic
 d - 2 potions of might {unknown}
 f - a potion of resistance {unknown}
 g - 2 potions of heal wounds {unknown}
 h - a potion of curing {unknown}
 k - a potion of flight {unknown}


   Skills:
 - Level 1.7 Dodging
 - Level 1.7 Stealth
 - Level 2.0 Spellcasting
 - Level 1.0 Conjurations
 + Level 4.8 Fire Magic


You had 6 spell levels left.
You knew the following spells:

 Your Spells              Type           Power      Damage    Failure   Level
a - Foxfire               Conj/Fire      52%        2x1d6     4%          1

Your spell library contained the following spells:

 Spells                   Type           Power      Damage    Failure   Level
 Scorch                   Fire           40%        2d7       3%          2
 Inner Flame              Hex/Fire       11%        N/A       19%         3
 Kindle Blastsparks       Fire/Tloc/Air  16%        2d11      26%         3
 Flame Wave               Conj/Fire      13%        2d6       45%         4


Dungeon Overview and Level Annotations

Branches:
Dungeon (2/15)

Altars:

Annotations:
D:2 Natasha


Innate Abilities, Weirdness & Mutations

You have a pair of small horns on your head.
Your movements are slightly less encumbered by armour. (ER -2)


Message History

Welcome, sleeves the Demonspawn Fire Elementalist.
A smirking vizier told you that the Orb of Zot is just within this dungeon.
Press ? for a list of commands and other information.
Found a staircase leading out of the dungeon.
Found 4 boomerangs.
Found a robe.
c - a ring of magical power You feel your magic capacity increase.
c - a ring of magical power (left hand) Magic restored.
A quokka comes into view.
A quokka is nearby!
A quokka is nearby!
You conjure some foxfire!
You miscast Foxfire.
You are very lightly contaminated with residual magic.
Nothing appears to happen.
You conjure some foxfire!
Your foxfire dissipates!
You conjure some foxfire!
The foxfire hits the quokka.
The quokka is heavily wounded.
The foxfire hits the quokka but does no damage.
The quokka is heavily wounded.
The foxfire hits the quokka.
The quokka is almost dead.
The foxfire hits the quokka.
You kill the quokka!
Your magical contamination has completely faded away.
You see here 4 boomerangs.
A hobgoblin comes into view.
A hobgoblin is nearby!
A hobgoblin is nearby!
You conjure some foxfire!
You conjure some foxfire!
The hobgoblin shouts!
An endoplasm comes into view.
The foxfire hits the hobgoblin.
The hobgoblin is almost dead.
The foxfire hits the hobgoblin.
You kill the hobgoblin!
A giant cockroach comes into view.
The foxfire hits the endoplasm.
The endoplasm is moderately wounded.
You conjure some foxfire!
The foxfire hits the endoplasm.
You kill the endoplasm!
Your Fire Magic skill increases to level 3!
You conjure some foxfire!
You conjure some foxfire!
The foxfire hits the giant cockroach.
The giant cockroach is heavily wounded.
The foxfire hits the giant cockroach.
You kill the giant cockroach!
Your foxfire dissipates!
Your foxfire dissipates! x3
A rat comes into view.
A rat is nearby!
A rat is nearby!
A rat is nearby!
You conjure some foxfire!
You conjure some foxfire!
The foxfire hits the rat.
You kill the rat!
Your foxfire dissipates!
Your foxfire dissipates! x2
Found a robe.
d - a cyan potion
Found 5 stones.
An endoplasm comes into view.
An endoplasm is nearby!
An endoplasm is nearby!
An endoplasm is nearby!
You conjure some foxfire!
You conjure some foxfire!
The endoplasm quivers.
The foxfire hits the endoplasm.
The endoplasm is heavily wounded.
Your foxfire dissipates!
The foxfire hits the endoplasm.
You kill the endoplasm!
e - a scroll labelled HOJUYL XEONY A rat comes into view.
A rat is nearby!
A rat is nearby!
A rat is nearby!
A rat is nearby!
You conjure some foxfire!
You conjure some foxfire!
The foxfire hits the rat.
You kill the rat!
You have reached level 2!
Your demonic ancestry asserts itself...
A pair of horns grows on your head!
Your foxfire dissipates!
Your foxfire dissipates!
Found 5 stones.
You see here 5 stones.
A rat comes into view.
A rat is nearby!
You conjure some foxfire!
You conjure some foxfire!
The foxfire hits the rat.
The rat is heavily wounded.
The foxfire hits the rat.
You kill the rat!
Your foxfire dissipates!
Found a stone staircase leading down.
Found a spear.
A bat comes into view.
A bat is nearby!
You conjure some foxfire!
The foxfire hits the bat.
The bat is severely wounded.
You conjure some foxfire!
The bat closely misses you.
The foxfire hits the bat but does no damage.
The bat is severely wounded.
The bat hits you but does no damage.
You conjure some foxfire!
The foxfire hits the bat.
You kill the bat!
Your foxfire dissipates!
Found a stone staircase leading down.
A ball python comes into view.
A ball python is nearby!
A ball python is nearby!
You conjure some foxfire!
You conjure some foxfire!
The ball python hisses angrily.
The foxfire hits the ball python.
The ball python is moderately wounded.
The foxfire hits the ball python.
You kill the ball python!
Your foxfire dissipates!
Your foxfire dissipates!
Found a stone staircase leading down.
A goblin comes into view. It is wielding a +0 dagger.
A goblin is nearby!
You conjure some foxfire!
You conjure some foxfire!
The foxfire hits the goblin.
You kill the goblin!
Your foxfire dissipates!
Your foxfire dissipates!
Your foxfire dissipates!
f - a viscous golden potion
Found 5 stones.
A giant cockroach comes into view.
Found 2 boomerangs.
The giant cockroach moves out of view.
A giant cockroach is nearby!
A giant cockroach is nearby!
A giant cockroach is nearby!
You conjure some foxfire!
The giant cockroach bites you. The giant cockroach closely misses you.
You barely miss the giant cockroach. Your punch misses the giant cockroach.
The foxfire hits the giant cockroach but does no damage.
The giant cockroach misses you.
A giant cockroach is nearby!
You miscast Foxfire.
You are very lightly contaminated with residual magic.
Nothing appears to happen.
The giant cockroach bites you.
You closely miss the giant cockroach. The giant cockroach barely misses you.
An endoplasm comes into view.
The foxfire hits the giant cockroach.
The giant cockroach is moderately wounded.
The giant cockroach closely misses you.
You miscast Foxfire.
Nothing appears to happen.
The giant cockroach bites you but does no damage.
The giant cockroach bites you.
You conjure some foxfire!
The giant cockroach bites you but does no damage.
You conjure some foxfire!
The foxfire hits the giant cockroach.
The giant cockroach is severely wounded.
The foxfire hits the giant cockroach.
You kill the giant cockroach!
You conjure some foxfire!
You conjure some foxfire!
The foxfire hits the endoplasm but does no damage.
The endoplasm quivers.
An endoplasm is nearby!
An endoplasm is nearby!
An endoplasm is nearby!
The foxfire hits the endoplasm.
The endoplasm is moderately wounded.
The foxfire hits the endoplasm.
The endoplasm is heavily wounded.
The endoplasm jiggles.
The foxfire hits the endoplasm.
You kill the endoplasm!
HP restored.
Your magical contamination has completely faded away.
A dart slug comes into view.
A dart slug is nearby!
A dart slug is nearby!
You conjure some foxfire!
You conjure some foxfire!
The foxfire hits the dart slug.
The dart slug is heavily wounded.
The foxfire hits the dart slug.
The dart slug is almost dead.
Your foxfire dissipates!
A dart slug is nearby!
Your foxfire dissipates!
You conjure some foxfire!
The dart slug launches a dart at you. The slug dart misses you.
The slug dart misses your foxfire.
The dart slug briefly extends its eye-stalks.
The foxfire hits the dart slug.
You kill the dart slug!
Your foxfire dissipates!
You see here 2 boomerangs.
g - a purple potion
Found 7 stones.
A kobold comes into view. It is wielding a +0 whip.
A kobold is nearby!
A kobold is nearby!
You conjure some foxfire!
The foxfire hits the kobold but does no damage.
The kobold shouts!
You conjure some foxfire!
The foxfire hits the kobold.
The kobold is moderately wounded.
Your foxfire dissipates!
You conjure some foxfire!
You conjure some foxfire!
The kobold hits you but does no damage.
A kobold is nearby!
A kobold is nearby!
The foxfire hits the kobold.
The kobold is heavily wounded.
The foxfire hits the kobold but does no damage.
The kobold is heavily wounded.
The foxfire hits the kobold.
You kill the kobold!
Your foxfire dissipates!
Your foxfire dissipates!
You open the door.
Found 9 stones.
There is an open door here.
You see here 7 stones.
You open the door.
There is an open door here.
A hobgoblin comes into view.
A hobgoblin is nearby!
A hobgoblin is nearby!
You conjure some foxfire!
You conjure some foxfire!
The foxfire hits the hobgoblin.
The hobgoblin is heavily wounded.
The foxfire hits the hobgoblin.
You kill the hobgoblin!
Your foxfire dissipates!
Your foxfire dissipates!
A ball python comes into view.
A ball python is nearby!
A ball python is nearby!
A ball python is nearby!
You conjure some foxfire!
You conjure some foxfire!
The foxfire hits the ball python.
The ball python is moderately wounded.
The foxfire hits the ball python.
You kill the ball python!
Your foxfire dissipates! x2
You see here a ball python corpse.
Done exploring.
Done exploring.
Done exploring.
Done exploring.
You see here a +0 spear.
h - a +0 spear
h - a +0 spear (weapon)
(D) Dungeon
Where to? (? - help)
There is a stone staircase leading down here.
You climb downwards.
There is a stone staircase leading up here.
A dart slug is nearby!
You conjure some foxfire!
You miscast Foxfire.
You are very lightly contaminated with residual magic.
Nothing appears to happen.
The foxfire hits the dart slug.
The dart slug is moderately wounded.
The foxfire hits the dart slug.
The dart slug is severely wounded.
The dart slug launches a dart at you. The slug dart misses you.
A dart slug is nearby!
You conjure some foxfire!
The foxfire hits the dart slug.
The dart slug is almost dead.
The foxfire hits the dart slug.
You kill the dart slug!
Your magical contamination has completely faded away.
Magic restored.
A bat comes into view.
Found 12 gold pieces.
A bat is nearby!
A bat is nearby!
You conjure some foxfire!
You conjure some foxfire!
The foxfire hits the bat.
You kill the bat!
Your foxfire dissipates!
Your foxfire dissipates!
You now have 12 gold pieces.
Found a hand axe.
Found a stone staircase leading down.
There is a stone staircase leading down here.
A giant cockroach comes into view.
A giant cockroach is nearby!
You conjure some foxfire!
You miscast Foxfire.
You are very lightly contaminated with residual magic.
Nothing appears to happen.
The foxfire hits the giant cockroach but does no damage.
Your foxfire dissipates!
You conjure some foxfire!
You conjure some foxfire!
The foxfire hits the giant cockroach.
The giant cockroach is moderately wounded.
The foxfire hits the giant cockroach.
You kill the giant cockroach!
Your foxfire dissipates!
Your magical contamination has completely faded away.
You see here a +0 dagger of venom.
A kobold comes into view. It is wielding a +0 short sword.
A kobold is nearby!
You conjure some foxfire!
You conjure some foxfire!
You miscast Foxfire.
You are very lightly contaminated with residual magic.
Nothing appears to happen.
The foxfire hits the kobold.
You kill the kobold!
Your foxfire dissipates! x2
You see here a +0 dagger of venom.
i - a +0 dagger of venom Your +0 dagger of venom begins to drip with poison!
i - a +0 dagger of venom (weapon)
Your magical contamination has completely faded away.
A hobgoblin comes into view.
The hobgoblin shouts!
A hobgoblin is nearby!
A hobgoblin is nearby!
A hobgoblin is nearby!
You conjure some foxfire!
The foxfire hits the hobgoblin.
The hobgoblin is heavily wounded.
You completely miss the hobgoblin.
The hobgoblin is heavily wounded.
You barely miss the hobgoblin.
The hobgoblin is heavily wounded.
The hobgoblin hits you.
You closely miss the hobgoblin. Your headbutt misses the hobgoblin.
The hobgoblin is heavily wounded.
The hobgoblin barely misses you.
A hobgoblin is nearby!
You hit the hobgoblin.
You kill the hobgoblin!
You have reached level 3!
Your experience leads to an increase in your attributes!
Increase (S)trength, (I)ntelligence, or (D)exterity?
You feel clever. x2; Your demonic ancestry asserts itself...
You feel less encumbered by your armour.
Your foxfire dissipates!
HP restored.
A hobgoblin comes into view.
A hobgoblin is nearby!
A hobgoblin is nearby!
A hobgoblin is nearby!
You conjure some foxfire!
You conjure some foxfire!
Your foxfire dissipates!
The helpless hobgoblin fails to defend itself.
You puncture the hobgoblin!
You kill the hobgoblin!
No target in view!
Your foxfire dissipates!
You see here a hobgoblin corpse.
A goblin comes into view. It is wielding a +0 club.
A goblin is nearby!
A goblin is nearby!
A goblin is nearby!
The goblin shouts!
You conjure some foxfire!
A ball python comes into view.
The ball python moves out of view.
You conjure some foxfire!
The foxfire hits the goblin.
The goblin is heavily wounded.
The foxfire hits the goblin.
You kill the goblin!
The foxfire hits the ball python.
You kill the ball python!
Your foxfire dissipates!
Found a robe.
You conjure some foxfire!
Your foxfire dissipates! x2
A hobgoblin comes into view.
A hobgoblin is nearby!
You conjure some foxfire!
You miscast Foxfire.
You are very lightly contaminated with residual magic.
Nothing appears to happen.
The foxfire hits the hobgoblin.
The hobgoblin is almost dead.
The foxfire hits the hobgoblin.
You kill the hobgoblin!
Your magical contamination has completely faded away.
You see here a +0 robe.
A giant cockroach and a hobgoblin come into view.
There are monsters nearby!
There are monsters nearby!
You conjure some foxfire!
You conjure some foxfire!
The hobgoblin shouts!
The foxfire hits the hobgoblin.
The hobgoblin is moderately wounded.
The foxfire hits the hobgoblin.
You kill the hobgoblin!
Your Fire Magic skill increases to level 4!
A giant cockroach is nearby!
You conjure some foxfire!
The foxfire hits the giant cockroach.
The giant cockroach is heavily wounded.
There is not enough space to conjure foxfire!
The foxfire hits the giant cockroach but does no damage.
The giant cockroach is heavily wounded.
You hit the giant cockroach but do no damage.
The giant cockroach is poisoned.
The giant cockroach is heavily wounded.
The giant cockroach bites you but does no damage.
The giant cockroach closely misses you.
You closely miss the giant cockroach.
The giant cockroach is almost dead.
You kill the giant cockroach!
No target in view!
Things that are here:
a giant cockroach corpse; a hobgoblin corpse A frilled lizard comes into view.
The frilled lizard hisses angrily.
A frilled lizard is nearby!
A frilled lizard is nearby!
You conjure some foxfire!
You miscast Foxfire.
You are very lightly contaminated with residual magic.
Nothing appears to happen.
The foxfire hits the frilled lizard.
You kill the frilled lizard!
No target in view!
No target in view!
Your foxfire dissipates!
Your magical contamination has completely faded away.
Found a stone staircase leading down and a stone staircase leading up.
j - a scroll labelled EDONUT FALIOFU
d - 2 cyan potions (gained 1)
There is a stone staircase leading down here.
j - 2 scrolls labelled EDONUT FALIOFU (gained 1)
k - a fizzy emerald potion A kobold comes into view.
It is wielding a +1 dagger of draining.
You conjure some foxfire!
You conjure some foxfire!
The foxfire hits the kobold.
You kill the kobold!
You conjure some foxfire!
Your foxfire dissipates!
Your foxfire dissipates! x2
Your foxfire dissipates! x2
You see here a +1 dagger of draining.
Found a sling.
Natasha and a goblin come into view.
Natasha is carrying a wand of light (8).
Found a quarterstaff.
The goblin shouts!
There are monsters nearby!
There are monsters nearby!
You conjure some foxfire!
The foxfire hits the goblin.
The goblin is heavily wounded.
You conjure some foxfire!
You conjure some foxfire!
The foxfire hits the goblin.
You kill the goblin!
You conjure some foxfire!
Your foxfire dissipates!
The foxfire hits Natasha.
Natasha is moderately wounded.
You conjure some foxfire!
The foxfire hits Natasha.
Natasha is heavily wounded.
The foxfire hits Natasha.
Natasha is severely wounded.
The foxfire hits Natasha.
Natasha is almost dead.
Natasha claws you!
Your foxfire dissipates!
You are too injured to fight recklessly!
You are too injured to fight recklessly!
Casting: Foxfire (safe; 6% risk of failure)
Confirm with . or Enter, or press ? or * to list all spells.
You conjure some foxfire!
The foxfire hits Natasha.
You kill Natasha!
Natasha screams in fury as she dies!
Your foxfire dissipates! x2
Your foxfire dissipates!
Natasha, Servant of Life and Death comes into view.
She is carrying a wand of light (8).
Natasha is nearby!
Natasha is nearby!
You conjure some foxfire!
You conjure some foxfire!
The foxfire hits Natasha but does no damage.
You conjure some foxfire!
The foxfire hits Natasha.
Natasha is moderately wounded.
The foxfire hits Natasha.
Natasha is heavily wounded.
You conjure some foxfire!
The foxfire hits Natasha.
Natasha is severely wounded.
The foxfire hits Natasha.
You kill Natasha!
Natasha screams in pain as she dies!
You have reached level 4!
You feel clever.
Your foxfire dissipates! x3
You now have 26 gold pieces (gained 14).
Found a stone staircase leading down.
Found 4 stones.
You now have 37 gold pieces (gained 11).
l - a scroll labelled WIQ HADDEVVO You see here a +0 sling.
An endoplasm comes into view.
An endoplasm is nearby!
You conjure some foxfire!
You conjure some foxfire!
You conjure some foxfire!
Your foxfire dissipates! x2
You conjure some foxfire!
The foxfire hits the endoplasm.
The endoplasm is severely wounded.
The endoplasm quivers.
You miscast Foxfire.
You are very lightly contaminated with residual magic.
Nothing appears to happen.
The foxfire hits the endoplasm.
You kill the endoplasm!
Your foxfire dissipates! x2
Your magical contamination has completely faded away.
Found 7 stones and a helmet.
A giant cockroach comes into view.
Found 9 gold pieces.
A giant cockroach is nearby!
You conjure some foxfire!
You conjure some foxfire!
The foxfire hits the giant cockroach.
The giant cockroach is heavily wounded.
You conjure some foxfire!
The foxfire hits the giant cockroach but does no damage.
The giant cockroach is heavily wounded.
The foxfire hits the giant cockroach.
The giant cockroach is severely wounded.
A giant cockroach is nearby!
A giant cockroach is nearby!
A giant cockroach is nearby!
You conjure some foxfire!
The foxfire hits the giant cockroach.
You kill the giant cockroach!
No target in view!
No target in view!
Your foxfire dissipates!
Your foxfire dissipates!
A goblin comes into view. It is wielding a +1 dagger of venom.
You see here a wand of polymorph (7).
You conjure some foxfire!
You conjure some foxfire!
You conjure some foxfire!
The foxfire hits the goblin.
The goblin is moderately wounded.
The goblin shouts!
The foxfire hits the goblin.
You kill the goblin!
Your foxfire dissipates!
Your foxfire dissipates!
Your foxfire dissipates!
m - a wand of polymorph (7)
A dart slug comes into view.
You miscast Foxfire.
You are very lightly contaminated with residual magic.
Nothing appears to happen.
The dart slug launches a dart at you. The slug dart hits you.
You conjure some foxfire!
You miscast Foxfire.
Nothing appears to happen.
The foxfire hits the dart slug.
The dart slug is lightly wounded.
You conjure some foxfire!
The foxfire hits the dart slug.
The dart slug is lightly wounded.
The foxfire hits the dart slug.
The dart slug is heavily wounded.
The foxfire hits the dart slug.
The dart slug is severely wounded.
The dart slug launches a dart at you. The slug dart hits you.
Found a stone staircase leading up.
You see here a +1 dagger of venom.
You miscast Foxfire.
Nothing appears to happen.
You conjure some foxfire!
You hit the dart slug but do no damage.
The dart slug is poisoned.
The dart slug is severely wounded.
The foxfire hits the dart slug.
You kill the dart slug!
Your foxfire dissipates!
n - a +1 dagger of venom Your +0 dagger of venom stops dripping with poison.
Your +1 dagger of venom begins to drip with poison!
n - a +1 dagger of venom (weapon)
You drop a +0 spear.
You drop a +0 dagger of venom.
Your magical contamination has completely faded away.
You now have 46 gold pieces (gained 9).
g - 2 purple potions (gained 1)
h - an inky potion
Things that are here:
a +0 dagger of venom; a +0 spear Key pressed, stopping explore.
Natasha, Servant of Life and Death comes into view.
She is carrying a wand of light (8).
Natasha is nearby!
You conjure some foxfire!
Natasha zaps a wand.
The bolt of light misses your foxfire. The bolt of light hits you!
You are too injured to fight recklessly!
You are too injured to fight recklessly!
Your foxfire dissipates!
The foxfire hits Natasha but does no damage.
You are too injured to fight recklessly!
You are too injured to fight recklessly!
Casting: Foxfire (safe; 4% risk of failure)
Confirm with . or Enter, or press ? or * to list all spells.
You conjure some foxfire!
Casting: Foxfire (safe; 4% risk of failure)
Confirm with . or Enter, or press ? or * to list all spells.
You conjure some foxfire!
The foxfire hits Natasha.
Natasha is lightly wounded.
Natasha zaps a wand.
The bolt of light hits you!
Ouch! That really hurt!
* * * LOW HITPOINT WARNING * * *
The bolt of light hits your foxfire!
Your foxfire is blinded.
Casting: Foxfire (safe; 4% risk of failure)
Confirm with . or Enter, or press ? or * to list all spells.
You conjure some foxfire!
The foxfire hits Natasha but does no damage.
Natasha is lightly wounded.
Natasha zaps a wand.
The bolt of light hits your foxfire!! The bolt of light hits you!
You die...

##### #..........................
....###....#.....#######.#.#.####
.......................>.#.#.....
....###....##.##.#.####.##.######
....# #....##............#.#
....###....##........##..#.#
###........#....§§...##..#.##
###.......##.#.§§v...##.....#
..#.......##.#.v@.h..##..####
........).##.##v###.###..#####
###.##....##.##.# #....).....#
..........##.##.# #..h......^####
..........##.##.# #..............
###.......##.##.# #..........#.##
..).......##.##.# #..........#.#
....#.....##.##.###.###..#####.#
....##....#.........# #..# #.#


You could see Natasha (ally target).

Vanquished Creatures
  Natasha (twice) (D:2)
  3 dart slugs
  3 ball pythons
  4 endoplasms
  5 giant cockroaches
  4 goblins
  6 hobgoblins
  3 kobolds
  A quokka (D:1)
  2 bats
  A frilled lizard (D:2)
  3 rats (D:1)
37 creatures vanquished.

Vanquished Creatures (others)
  141 foxfires
141 creatures vanquished.

Grand Total: 178 creatures vanquished

Notes
Turn   | Place    | Note
-------+----------+-------------------------------------------
     0 | D:1      | sleeves the Demonspawn Fire Elementalist began the quest
                  | for the Orb.
     0 | D:1      | Reached XP level 1. HP: 13/13 MP: 3/3
   137 | D:1      | Reached skill level 3 in Fire Magic
   236 | D:1      | Gained mutation: You have a pair of small horns on your
                  | head. [demonic ancestry]
   236 | D:1      | Reached XP level 2. HP: 19/19 MP: 5/5
  1100 | D:2      | Gained mutation: Your movements are slightly less
                  | encumbered by armour. (ER -2) [demonic ancestry]
  1100 | D:2      | Reached XP level 3. HP: 20/24 MP: 6/6
  1258 | D:2      | Reached skill level 4 in Fire Magic
  1414 | D:2      | Noticed Natasha
  1420 | D:2      | Killed Natasha
  1427 | D:2      | Noticed Natasha
  1431 | D:2      | Killed Natasha
  1432 | D:2      | Reached XP level 4. HP: 23/30 MP: 7/7
  1906 | D:2      | Noticed Natasha
  1912 | D:2      | HP: 1/30 [Natasha/bolt of light (17)]
  1913 | D:2      | Killed from afar by Natasha

Illustrated notes

Levels and vault maps discovered:
D:1:      mrwooster_arrival_statue_2, layout_basic, st_stairs_8
D:2:      layout_basic, uniq_natasha

Skill      XL: |  1  2  3 |
---------------+----------+-----
Fire Magic     | 3 4 |  4.8
Dodging        | |  1.7
Stealth        | |  1.7
Spellcasting   | |  2.0
Conjurations   | |  1.0

Action                   |  1- 3 |  4- 6 || total
-------------------------+-------+-------++-------
Melee: Dagger            |     7 |     1 ||     8
       Unarmed           |     2 |       ||     2
 Cast: Foxfire           |    72 |    18 ||    90
 Stab: Sleeping          |     1 |       ||     1
Armor: Robe              |     5 |       ||     5
Dodge: Dodged            |     9 |       ||     9

Table legend: (Time is in decaauts)
 A = Elapsed time spent in this place.
 B = Non-inter-level travel time spent in this place.
 C = Inter-level travel time spent in this place.
 D = Time resting spent in this place.
 E = Time spent auto-exploring this place.
 F = Levels seen in this place.
 G = Mean time per level.
                   A        B        C        D        E       F      G
               +--------+--------+--------+--------+--------+-----+--------+
         Total |   1910 |   1906 |      4 |      0 |   1664 |   2 |  955.0 |
       Dungeon |   1910 |   1906 |      4 |      0 |   1664 |   2 |  955.0 |
               +--------+--------+--------+--------+--------+-----+--------+

Top non-repeatable levels by time:
     D:2: 978 daAuts
     D:1: 932 daAuts
